 Dungeon Crawl Stone Soup version 0.30.1-3-gfc49f6343a (webtiles) character file.

Game seed: 13365320070892966288

2081 ANON1729 the Trooper (level 9, 0/79 HPs)
             Began as a Minotaur Monk on Aug 9, 2023.
             Was an Elder of Uskayaw.
             Slain by a black bear (13 damage)
             ... on level 6 of the Dungeon.
             The game lasted 00:02:45 (4345 turns).

ANON1729 the Trooper (Minotaur Monk)                Turns: 4345, Time: 00:02:46

Health: 0/79       AC:  2    Str: 16    XL:     9   Next: 6%
Magic:  5/11       EV: 15    Int:  7    God:    Uskayaw [****..]
Gold:   333        SH:  0    Dex: 17    Spells: 8/8 levels left

rFire   . . .        t - +8 dagger of Xarriot {freeze, Contam rN+ rCorr}
rCold   . . .        d - orb {light}
rNeg    + . .        b - +0 robe
rPois   .            (helmet restricted)
rElec   .            u - scarf {harm}
rCorr   +            (no gloves)
SInv    .            (no boots)
Will    .....        (no amulet)
Stlth   +            (no ring)
HPRegen 0.33/turn    (no ring)
MPRegen 0.12/turn

%: harm (+30% outgoing, +20% incoming)
@: glowing
A: horns 2, retaliatory headbutt, no potion heal 1
a: Renounce Religion, Stomp, Line Pass


You were on level 6 of the Dungeon.
You worshipped Uskayaw.
Uskayaw was noncommittal.
You visited 2 branches of the dungeon, and saw 7 of its levels.

You collected 333 gold pieces.

Inventory:

Hand Weapons
 a - a +0 short sword
 o - a +0 dagger of venom
 t - the +8 dagger of Xarriot (weapon) {freeze, Contam rN+ rCorr}
   (You found it on level 3 of the Dungeon)

   rN:        It protects you from negative energy.
   Contam:    It causes magical contamination when unequipped.
   rCorr:     It protects you from acid and corrosion.
Missiles
 m - 5 poisoned darts (quivered)
 q - 3 throwing nets
 v - 6 datura-tipped darts
Armour
 b - a +0 robe (worn)
 d - an orb of light (worn)
 u - a scarf of harm (worn)
Jewellery
 z - a ring of fire
Wands
 l - a wand of flame (15)
Scrolls
 f - 2 scrolls of enchant weapon {unknown}
 g - 11 scrolls of identify {unknown}
 h - 2 scrolls of teleportation {unknown}
 i - 2 scrolls of vulnerability {unknown}
 j - 2 scrolls of fear {unknown}
 k - a scroll of immolation {unknown}
 s - a scroll of magic mapping {unknown}
 y - a scroll of blinking {unknown}
Potions
 c - 2 potions of heal wounds
 e - a potion of curing
 n - a potion of haste {unknown}
 p - a potion of attraction {unknown}
 r - a potion of experience {unknown}
 w - a potion of mutation
 x - a potion of flight {unknown}


   Skills:
 + Level 7.3 Fighting
 + Level 6.7 Short Blades
 + Level 6.1 Armour
 + Level 6.6 Dodging
 + Level 5.1 Invocations


You had 8 spell levels left.
You didn't know any spells.
Your spell library contained the following spells:

 Spells                   Type           Power      Damage    Failure   Level
 Magic Dart               Conj           0%         1d3       43%         1
 Call Imp                 Summ           0%         N/A       56%         2
 Ignite Poison            Fire/Tmut/Pois 0%         N/A       80%         3
 Mephitic Cloud           Conj/Pois/Air  0%         N/A       80%         3
 Ozocubu's Armour         Ice            0%         N/A       80%         3
 Sticky Flame             Conj/Fire      0%         2d3       99%         4
 Ozocubu's Refrigeration  Ice            0%         4d7       100%        7
 Ignition                 Fire           0%         3d3       100%        8


Dungeon Overview and Level Annotations

Branches:
Dungeon (6/15)             Temple (1/1) D:5

Altars:
Ashenzari
Fedhas
Gozag
Hepliaklqana
Kikubaaqudgha
Nemelex Xobeh
Okawaru
Sif Muna
Uskayaw
Vehumet
Wu Jian
Xom
Zin
The Shining One


Innate Abilities, Weirdness & Mutations

You have a pair of horns on your head.
You reflexively headbutt those who attack you in melee.
Potions are less effective at restoring your health.


Message History

You are too injured to fight recklessly!
You are too injured to fight recklessly!
You are too injured to fight recklessly!
You are too injured to fight recklessly!
You are too injured to fight recklessly!
You are too injured to fight recklessly!
You are too injured to fight recklessly!
You are too injured to fight recklessly!
You hit the manticore but do no damage.
The manticore is heavily wounded.
Okay, then.
You hit the manticore. You freeze the manticore.
The manticore is heavily wounded.
The manticore bites you.
* * * LOW HITPOINT WARNING * * *
The manticore barely misses you. The manticore closely misses you.
Aiming: Grand Finale
Press: ? - help, Shift-Dir - straight line, f - manticore
Aim: a manticore (heavily wounded, haloed)
You fail to use your ability.
The manticore barely misses you. You furiously retaliate!
You headbutt the manticore. The manticore closely misses you.
The manticore claws you!
* * * LOW HITPOINT WARNING * * *
The black bear closely misses you. You furiously retaliate!
You headbutt the black bear! The black bear misses you.
The black bear barely misses you.
You stomp with the beat, sending a shockwave through the revellers around you!
The manticore is almost dead.
The black bear is severely wounded.
The black bear goes berserk!
The manticore completely misses you. You furiously retaliate!
You headbutt the manticore.
The manticore claws you but does no damage.
The manticore closely misses you.
Uskayaw links your audience in an emotional bond!
You stomp with the beat, sending a shockwave through the revellers around you!
You kill the manticore!
The black bear is almost dead.
You can no longer merge with and destroy a victim.
The black bear bites you!
You die...

#.. .. .. .. .#.
....#.###.#.###
....#.....#...
......#...h†#
#....#.###@# ..
#...#...†.# #.
#.....#..†..# #.##
##....#.###?# ##..#
##...#.... # ....#
###......#
....#####........#
.....>.......#...#
......###...#......


You could see a black bear (berserk, pain bonded).

Vanquished Creatures
  Pikel (D:4)
  A manticore (D:6)
  Grinder (D:3)
  Duvessa (D:4)
  2 water moccasins
  A black bear (D:5)
  An ogre (D:4)
  A centaur (D:5)
  A lemure (D:4)
  2 phantoms (D:5)
  2 bullfrogs
  A scorpion (D:5)
  Dowan (D:4)
  2 howler monkeys
  A jelly (D:5)
  An orc priest (D:5)
  Ijyb (D:4)
  4 iguanas
  An orc wizard (D:5)
  Natasha (thrice) (D:2)
  3 gnolls (D:4)
  3 adders
  A white imp (D:6)
  An ufetubus (D:4)
  2 dart slugs
  A worm (D:5)
  9 orcs
  5 ball pythons
  5 bats
  4 endoplasms
  4 giant cockroaches
  4 goblins
  2 hobgoblins
  10 jackals
  4 quokkas
  A frilled lizard (D:2)
  5 kobolds
  3 rats (D:1)
96 creatures vanquished.

Notes
Turn   | Place    | Note
-------+----------+-------------------------------------------
     0 | D:1      | ANON1729 the Minotaur Monk began the quest for the Orb.
     0 | D:1      | Reached XP level 1. HP: 19/19 MP: 0/0
   158 | D:1      | Reached XP level 2. HP: 21/27 MP: 1/1
   223 | D:1      | Found a faded altar of an unknown god.
   429 | D:1      | Reached skill level 1 in Armour
   774 | D:2      | Reached skill level 1 in Invocations
   774 | D:2      | Reached XP level 3. HP: 33/33 MP: 2/2
   793 | D:2      | Noticed Natasha
   807 | D:2      | Killed Natasha
   808 | D:2      | Reached skill level 4 in Fighting
   985 | D:2      | Noticed Natasha
   991 | D:2      | Killed Natasha
   992 | D:2      | Reached XP level 4. HP: 31/40 MP: 2/4
  1182 | D:2      | Noticed Natasha
  1187 | D:2      | Killed Natasha
  1561 | D:3      | Reached XP level 5. HP: 42/47 MP: 5/5
  1706 | D:3      | Identified the +8 dagger of Xarriot {freeze, Contam rN+
                  | rCorr}
  2108 | D:3      | Noticed Grinder
  2121 | D:3      | Killed Grinder
  2122 | D:3      | Reached skill level 5 in Fighting
  2122 | D:3      | Reached XP level 6. HP: 52/56 MP: 6/6
  2455 | D:4      | Noticed Dowan
  2455 | D:4      | Noticed Duvessa
  2467 | D:4      | Killed Duvessa
  2477 | D:4      | Killed Dowan
  2478 | D:4      | Reached XP level 7. HP: 22/61 MP: 6/8
  2669 | D:4      | Noticed Pikel
  2698 | D:4      | HP: 3/61 [Pikel/+1 whip of flaming (2)]
  2710 | D:4      | Reached skill level 5 in Short Blades
  2710 | D:4      | Reached skill level 5 in Dodging
  2717 | D:4      | Gained mutation: Potions are less effective at restoring
                  | your health. [potion of mutation]
  2717 | D:4      | Gained mutation: You have a pair of large horns on your
                  | head. [potion of mutation]
  2717 | D:4      | Lost mutation: You have a pair of large horns on your head.
                  | [potion of mutation]
  2725 | D:4      | Killed Pikel
  2726 | D:4      | Reached skill level 6 in Fighting
  2726 | D:4      | Reached XP level 8. HP: 14/70 MP: 9/9
  3031 | D:4      | Reached skill level 5 in Armour
  3078 | D:4      | Noticed Ijyb
  3084 | D:4      | Killed Ijyb
  3264 | D:5      | Entered Level 5 of the Dungeon
  3547 | D:5      | Reached skill level 7 in Fighting
  3722 | D:5      | Found a staircase to the Ecumenical Temple.
  4122 | D:5      | Found a glowing silver altar of Zin.
  4123 | D:5      | Found a sparkling altar of Nemelex Xobeh.
  4123 | D:5      | Found a broken altar of Ashenzari.
  4123 | D:5      | Found a blossoming altar of Fedhas.
  4242 | Temple   | Entered the Ecumenical Temple
  4253 | Temple   | Became a worshipper of Uskayaw the Reveller
  4253 | Temple   | Reached * piety under Uskayaw
  4324 | D:6      | Reached ** piety under Uskayaw
  4327 | D:6      | Reached *** piety under Uskayaw
  4328 | D:6      | Reached skill level 5 in Invocations
  4328 | D:6      | Reached XP level 9. HP: 68/79 MP: 11/11
  4332 | D:6      | Noticed a manticore
  4333 | D:6      | Reached **** piety under Uskayaw
  4339 | D:6      | Reached ***** piety under Uskayaw
  4345 | D:6      | Killed a manticore
  4345 | D:6      | Slain by a black bear

Illustrated notes

Levels and vault maps discovered:
D:1:      eino_arrival_cavern_b, layout_basic,
          shapermc_ecumenical_altar_mp_highgroup, grunt_decor_cap,
          nrook_mini_backslash
D:2:      layout_basic, uniq_natasha
D:3:      layout_loops_corners, uniq_grinder
D:4:      layout_cave_pools, uniq_pikel, uniq_ijyb, uniq_duvessa
D:5:      layout_loops_ring, minitemple, minmay_temple_entry_overgrown
D:6:      hangedman_cross_stitches, layout_layer_cave, hangedman_decor_lopped
Temple:   nicolae_temple_two_arcs

Skill      XL: |  1  2  3  4  5  6  7  8 |
---------------+-------------------------+-----
Armour         | 1 2 3 4 6 |  6.1
Invocations    | 1 2 3 5 |  5.1
Fighting       | 4 5 6 7 |  7.3
Short Blades   | 4 5 6 |  6.7
Dodging        | 4 5 6 |  6.6

Action                     |  1- 3 |  4- 6 |  7- 9 || total
---------------------------+-------+-------+-------++-------
  Melee: Short sword       |    56 |       |       ||    56
         Headbutt          |    10 |    17 |    15 ||    42
         Dagger            |    15 |    70 |   106 ||   191
 Invoke: Stomp             |       |       |     2 ||     2
    Use: Potion            |       |       |     5 ||     5
   Stab: Paralysed         |       |       |     1 ||     1
 Armour: Robe              |    11 |     6 |     4 ||    21
         Skin              |       |       |     6 ||     6
  Dodge: Dodged            |    37 |    44 |    68 ||   149
